Map: Chain of Ascension

Players

BunnyLove

  • Race: Terran Terran

ViS

  • Race: Protoss Protoss
  • Spawn Location: 11:00

VOD

Have the link to the VOD?

Description

Time

  • Played on: March 16, 2018, 9:10 p.m.
  • Length: 20:16
Show
View Real Time Build Order
Export as new Build Order

BunnyLove Terran 

Build Orders:  

Get SALT Encoding   

  12  0:05  Starport Tech Lab  
  12  0:09  SCV  
  13  0:25  Supply Depot  
  13  0:26  SCV  
  15  0:43  SCV  
  16  1:00  SCV, Assault Galleon  
  16  1:17  SCV  
  18  1:33  Assault Galleon  
  18  1:34  SCV  
  19  1:51  SCV  
  19  2:02  Assault Galleon  
  19  2:08  SCV  
  20  2:14  Refinery  
  20  2:25  SCV  
  20  2:26  Refinery  
  22  2:42  SCV  
  22  2:46  Supply Depot  
  22  2:54  Engineering Bay  
  22  2:59  SCV  
  23  3:16  SCV  
  24  3:34  Command Center  
  24  3:47  SCV  
  24  3:49  Jetpack Overdrive  
  25  4:07  SCV  
  27  4:24  SCV  
  28  4:40  Reaper x3  
  28  4:41  SCV  
  28  4:45  Supply Depot  
  31  4:50  Armory  
  31  4:51  Reaper  
  31  4:52  LE9 Cluster Charges  
  31  4:54  Reaper  
  31  4:58  SCV  
  34  5:03  Reaper  
  34  5:05  Reaper  
  37  5:20  SCV  
  37  5:39  SCV  
  38  5:40  Theia Raven  
  38  5:41  Reaper x2  
  38  5:42  Reaper  
  38  5:46  Command Center  
  44  5:51  Reaper, SCV  
  44  5:56  SCV  
  46  6:08  SCV  
  46  6:13  SCV  
  45  6:21  Reaper x2  
  45  6:22  Reaper  
  48  6:36  Reaper x2  
  49  6:43  SCV x2  
  49  6:47  Reaper x2  
  49  6:49  Reaper  
  51  6:57  Reaper  
  54  7:00  SCV x2  
  54  7:05  Strike Fighter Platform  
  54  7:09  Reaper x2  
  59  7:10  Reaper  
  59  7:17  SCV x2  
  61  7:20  Reaper  
  61  7:21  Reaper  
  61  7:29  Reaper  
  62  7:30  Reaper  
  62  7:31  Reaper  
  62  7:39  Reaper  
  62  7:45  Reaper x2  
  62  7:46  SCV x2  
  66  7:51  Reaper  
  66  7:55  Reaper x2  
  71  8:03  SCV x2  
  71  8:13  Reaper  
  71  8:28  SCV x2  
  73  8:34  Reaper x2  
  73  8:35  Reaper  
  76  8:44  Reaper  
  76  8:46  Supply Depot  
  76  8:48  Reaper  
  76  8:49  SCV x2  
  78  8:50  Reaper  
  78  8:54  Reaper  
  78  8:58  Reaper  
  76  9:00  Reaper  
  76  9:04  Reaper  
  76  9:08  Reaper  
  77  9:10  Reaper  
  77  9:15  Refinery  
  77  9:16  Refinery  
  77  9:17  Reaper  
  81  9:21  SCV x2  
  81  9:22  Supply Depot  
  81  9:23  Reaper x2  
  83  9:36  Fusion Core  
  83  9:38  SCV x2  
  85  9:47  Reaper  
  86  9:55  SCV x2  
  88  10:02  Multi-Threaded Sensors  
  88  10:05  Reaper x3  
  93  10:12  SCV x2  
  95  10:20  Strike Fighter Platform  
  95  10:22  Reaper x2  
  95  10:24  Horner Weapons Level 1  
  95  10:29  SCV  
  98  10:46  Reaper x3  
  101  11:00  Reaper x2  
  101  11:01  Reaper  
  101  11:05  Trigger Override  
  104  11:10  Reaper x2  
  104  11:11  Reaper  
  104  11:20  Reaper x2  
  104  11:21  Reaper  
  104  11:29  Asteria Wraith  
  110  11:30  Reaper  
  110  11:31  Reaper  
  110  11:34  Hellbat  
  109  11:40  Reaper  
  109  11:41  Reaper  
  109  11:46  Reaper  
  110  11:54  SCV  
  110  11:55  Reaper  
  110  11:59  Supply Depot, SCV  
  104  12:04  Reaper x2  
  104  12:05  Reaper  
  103  12:14  Reaper x2  
  106  12:21  SCV  
  105  12:31  Supply Depot  
  105  12:32  Tactical Jump  
  105  12:33  Supply Depot x2  
  105  12:34  Reaper x2  
  105  12:36  Reaper  
  107  12:44  Reaper  
  107  12:45  Napalm Payload  
  108  12:55  Supply Depot  
  108  12:56  Reaper x2  
  108  12:57  Supply Depot  
  108  12:58  Reaper  
  111  13:06  Reaper x2  
  111  13:08  Reaper  
  114  13:16  Reaper x2  
  114  13:18  Reaper  
  117  13:26  Reaper x2, Horner Weapons Level 2  
  118  13:35  Unregistered Cloak System  
  118  13:42  Reaper x2  
  118  13:48  Reaper  
  121  13:52  Reaper x2  
  121  13:58  SCV x2  
  124  14:04  Reaper x2  
  123  14:10  Reaper  
  123  14:14  Reaper x2  
  123  14:15  SCV x2  
  123  14:20  Reaper  
  123  14:24  Reaper  
  123  14:27  Strike Fighter Platform  
  131  14:30  Strike Fighter Platform  
  131  14:32  SCV  
  137  14:42  Drone Hangar  
  137  14:48  Drone Hangar  
  137  14:51  Drone Hangar  
  137  14:55  Assault Galleon  
  137  14:56  Assault Galleon  
  136  15:24  Reaper  
  137  15:30  Reaper  
  137  15:33  Reaper  
  137  15:34  Reaper  
  140  15:40  Reaper  
  140  15:43  Reaper  
  140  15:44  Reaper  
  143  15:50  Reaper  
  143  15:53  Reaper  
  143  15:54  Reaper  
  145  16:00  Reaper  
  145  16:03  Reaper  
  145  16:06  Reaper x2  
  141  16:11  Reaper  
  141  16:13  Reaper  
  143  16:20  Theia Raven  
  144  16:30  Reaper  
  144  16:31  Reaper x2  
  144  16:34  Reaper x2  
  144  16:36  Asteria Wraith  
  157  16:40  Reaper  
  157  16:41  Reaper x2  
  157  16:47  Strike Fighter Platform  
  157  16:49  Strike Fighter Platform  
  166  17:17  Reaper x2  
  167  17:22  Strike Fighter Platform  
  164  17:32  Reaper x2  
  164  17:33  Asteria Wraith  
  164  17:35  Reaper  
  175  17:42  Reaper x2  
  175  17:45  Reaper  
  178  17:52  Reaper x2  
  180  18:19  Reaper x2  
  182  18:20  Sovereign Battlecruiser  
  182  19:02  Sovereign Battlecruiser  
Show
View Real Time Build Order
Export as new Build Order

ViS Protoss 

Build Orders:  

Get SALT Encoding   

  12  0:08  Probe (Chrono Boost)  
Tags
 
Add a new tag
Caveats
  • Supply blocks, unpowered buildings, or Contaminate may cause inaccurate times.
  • Supply counts are checked every 10 seconds.